 Dungeon Crawl Stone Soup version bcrawl-1.17.3 (webtiles) character file.

Game seed: 5043741801870625019

1763 Ethylacetat the Cleaver (level 9, 0/79 HPs)
             Began as a Sand Dwarf Sloth Apostle on Oct 19, 2019.
             Was an Elder of Cheibriados.
             Killed by divine providence
             ... invoked by an orc priest
              (12 damage)
             ... on level 7 of the Dungeon.
             The game lasted 00:13:13 (6971 turns).

Ethylacetat the Cleaver (Sand Dwarf Sloth Apostle)  Turns: 6971, Time: 00:13:13

Health: 0/79       AC: 11    Str: 27    XL:     9   Next: 7%
Magic:  0/12       EV: 12    Int: 23    God:    Cheibriados [****..]
Gold:   395        SH:  0    Dex: 23    Spells: 9/10 levels left

rFire    . . .     SeeInvis .   g - +1 hand axe (chop)
rCold    . . .     Gourm    .   (shield restricted)
rNeg     + . .     Faith    .   D - +2 ring mail {rN+}
rPois    .         Spirit   +   (no helmet)
rElec    .         Reflect  .   (no cloak)
rCorr    .         Harm     .   s - +2 pair of gloves
MR       +....                  (no boots)
Stlth    ++........             i - amulet of guardian spirit
HPRegen  0.23/turn              k - +1 ring of protection
MPRegen  0.13/turn              (no ring)

@: very slow
A: small, slowness 1, armour attunement
a: Bend Time, Temporal Distortion, Slouch, Renounce Religion


You were on level 7 of the Dungeon.
You worshipped Cheibriados.
Cheibriados was greatly pleased with you.
You were not hungry.

You visited 1 branch of the dungeon, and saw 7 of its levels.
You also visited: Sewer.

You collected 395 gold pieces.

Inventory:

Hand Weapons
 a - a +0 hand axe
 g - a +1 hand axe of chopping (weapon)
Armour
 b - the +5 leather armour of Hangman {rPois Int+4, unknown}
   (You found it on level 6 of the Dungeon)

   It affects your intelligence (+4).
   It protects you from poison.
 s - a +2 pair of gloves (worn)
 D - a +2 ring mail of positive energy (worn)
Jewellery
 c - an uncursed ring of fire {unknown}
 i - an amulet of guardian spirit (around neck)
 k - a +1 ring of protection (left hand)
Wands
 d - a wand of paralysis (10)
Scrolls
 e - 3 scrolls of amnesia {unknown}
 h - a scroll of magic mapping {unknown}
 m - 2 scrolls of remove curse {unknown}
 n - 6 scrolls of identify {unknown}
 o - 3 scrolls of enchant weapon {unknown}
 t - a scroll of fog {unknown}
 w - 3 scrolls of immolation {unknown}
 y - 2 scrolls of noise {unknown}
 A - 2 scrolls of teleportation {unknown}
Potions
 j - 2 potions of flight {unknown}
 l - 2 potions of brilliance {unknown}
 p - a potion of haste {unknown}
 q - a potion of mutation {unknown}
 r - a potion of lignification {unknown}
 u - 8 potions of curing
 v - 2 potions of heal wounds
 x - 2 potions of might {unknown}
 z - a potion of cancellation {unknown}
 B - 2 potions of invisibility {unknown}
 C - a potion of berserk rage
Comestibles
 f - 10 rations {!d}


   Skills:
 + Level 7.1 Fighting
 * Level 9.9 Axes
 - Level 2.4 Stealth
   Level 2.0 Shields
 - Level 1.0 Spellcasting
 - Level 0.7 Hexes
 + Level 5.0 Invocations
 - Level 1.3 Evocations


You had 9 spell levels left.
You knew the following spells:

 Your Spells              Type           Power        Failure   Level  Hunger
a - Slow                  Hex            #.......     11%         1    ##.....

Your spell library contained the following spells:

 Spells                   Type           Power        Failure   Level  Hunger
 Apportation              Tloc           #.....       14%         1    ##.....
 Infusion                 Chrm           #.......     14%         1    ##.....
 Sandblast                Erth           #.....       14%         1    ##.....
 Summon Butterflies       Summ           #.......     14%         1    ##.....


Dungeon Overview and Level Annotations

Branches:
Dungeon (7/12)             Temple (0/1) D:5
   Lair: D:7-9

Altars:
Ashenzari
Elyvilon
Kikubaaqudgha
Ru
Trog
Uskayaw
Yredelemnul
Zin

Shops:
D:2 *   D:4 }


Innate Abilities, Weirdness & Mutations

You are small and have problems with some larger weapons.
You cover ground slowly.
Armour does not affect your spellcasting.


Message History

The orc priest invokes the aid of Beogh against you.
You resist with significant effort. The gnoll misses you.
The orc priest invokes the aid of Beogh against you.
Beogh smites you!
* * * LOW HITPOINT WARNING * * *
The gnoll hits you but does no damage. The gnoll hits you but does no damage.
The gnoll hits you from afar with a +0 halberd.
* * * LOW HITPOINT WARNING * * *
The gnoll misses you. The gnoll barely misses you.
The orc priest shouts!
The orc priest invokes the aid of Beogh against you.
Beogh smites you!
* * * LOW HITPOINT WARNING * * *
The gnoll closely misses you.
The orc priest invokes the aid of Beogh against you.
Beogh smites you!
You die...

...## #.# #.# ....## #####.####
#.# ## .....## #........#
#.##>##
......###.....##)#####)#...###.
......'..........oo.ooo).......
......###.........####)#.8.....
.....## ###.#.###o# #.........
....## #....###g# #.)o8.....
...## #......@.# #...o....% #+#
#.######## ##.o8..._. #.
#.....### #. #.##.... #.# .....
#.# #####


You could see 3 orc priests and a gnoll.

Vanquished Creatures
  A human (D:4)
  Edmund (D:5)
  An ice beast (D:6)
  A sky beast (D:5)
  A phantom (D:4)
  A black bear (D:6)
  An ogre (D:7)
  3 centaurs
  A big kobold (Sewer)
  A bullfrog (D:6)
  A centaur zombie (D:6)
  2 orc priests
  4 orc wizards
  2 hounds
  A gnoll shaman (D:5)
  4 worker ants
  Terence (D:2)
  A howler monkey zombie (D:5)
  6 gnolls
  2 howler monkey skeletons
  3 adders
  A river rat (Sewer)
  An ooze (D:4)
  3 worms
  2 dart slugs
  7 leopard geckos
  15 orcs
  4 bats
  2 giant cockroaches
  7 goblins
  6 hobgoblins
  16 jackals
  3 quokkas
  2 ball pythons
  2 frilled lizards (D:1)
  A jackal skeleton (D:4)
  15 kobolds
  10 rats
136 creatures vanquished.

Notes
Turn   | Place    | Note
-------+----------+-------------------------------------------
     0 | D:1      | Ethylacetat the Sand Dwarf Sloth Apostle began the quest
                  | for the Orb.
     0 | D:1      | Reached XP level 1. HP: 18/18 MP: 2/2
   230 | D:1      | Reached XP level 2. HP: 9/25 MP: 3/3
   428 | D:1      | Reached skill level 3 in Axes
   897 | D:1      | Reached XP level 3. HP: 30/30 MP: 4/4
  1014 | D:1      | Reached skill level 1 in Invocations
  1206 | D:2      | Found Zin's Purification Station.
  1208 | D:2      | Found a glowing silver altar of Zin.
  1221 | D:2      | Reached * piety under Cheibriados
  1487 | D:2      | Noticed Terence
  1503 | D:2      | Killed Terence
  1503 | D:2      | Reached skill level 4 in Axes
  1503 | D:2      | Reached XP level 4. HP: 7/38 MP: 2/5
  2618 | D:3      | Noticed a centaur
  2633 | D:3      | Killed a centaur
  2633 | D:3      | Reached skill level 5 in Axes
  2633 | D:3      | Reached XP level 5. HP: 8/46 MP: 2/6
  2634 | D:3      | Reached ** piety under Cheibriados
  2944 | D:3      | Reached XP level 6. HP: 9/52 MP: 2/7
  3494 | D:3      | Found a sacrificial altar of Ru.
  3605 | D:4      | Found Boneugoe's Gadget Emporium.
  3660 | D:4      | Reached skill level 6 in Axes
  3688 | D:4      | Reached *** piety under Cheibriados
  3764 | D:4      | Reached XP level 7. HP: 44/60 MP: 6/9
  4014 | D:4      | Found a runed door.
  4014 | D:4      | Noticed a human
  4027 | D:4      | Found a basalt altar of Yredelemnul.
  4042 | D:4      | Killed a human
  4042 | D:4      | Reached skill level 5 in Fighting
  4042 | D:4      | Reached skill level 7 in Axes
  4408 | D:5      | Entered Level 5 of the Dungeon
  4429 | D:5      | Reached XP level 8. HP: 47/69 MP: 7/10
  4552 | D:5      | Reached **** piety under Cheibriados
  4662 | D:5      | Reached skill level 8 in Axes
  5024 | D:5      | Found an ancient bone altar of Kikubaaqudgha.
  5199 | D:5      | Noticed Edmund
  5215 | D:5      | HP: 3/70 [Edmund/+2 dire flail of crushing (8)]
  5222 | D:5      | Killed Edmund
  5511 | D:5      | Found a staircase to the Ecumenical Temple.
  5563 | D:5      | Found a white marble altar of Elyvilon.
  5577 | D:5      | Found a shattered altar of Ashenzari.
  5832 | D:6      | Reached skill level 9 in Axes
  5928 | D:6      | Found a glowing drain.
  5932 | Sewer    | Entered a sewer
  6029 | Sewer    | Found a white marble altar of Elyvilon.
  6226 | D:6      | Got a steaming leather armour
  6730 | D:6      | Found a bloodstained altar of Trog.
  6931 | D:7      | Reached XP level 9. HP: 74/79 MP: 12/12
  6953 | D:7      | Reached skill level 5 in Invocations
  6954 | D:7      | Found a hide-covered altar of Uskayaw.
  6971 | D:7      | Killed from afar by an orc priest

Skill      XL: |  1  2  3  4  5  6  7  8  9 |
---------------+----------------------------+-----
Axes           | 3 4 5 6 7 9 |  9.9
Invocations    | 1 2 3 4 5 |  5.0
Fighting       | 3 4 5 7 |  7.1
Stealth        | |  2.4
Shields        | |  2.0
Spellcasting   | |  1.0
Hexes          | |  0.7
Evocations     | |  1.3

Action                   |  1- 3 |  4- 6 |  7- 9 || total
-------------------------+-------+-------+-------++-------
Melee: Hand axe          |   105 |   165 |   228 ||   498
  Use: Potion            |       |       |     2 ||     2
 Stab: Sleeping          |     3 |       |     4 ||     7
       Distracted        |       |     1 |       ||     1
  Eat: Chunk             |     3 |     3 |     6 ||    12
Armor: Robe              |    14 |       |       ||    14
       Scale mail        |    17 |    83 |    38 ||   138
       Ring mail         |       |       |    32 ||    32
Dodge: Dodged            |    92 |   131 |   142 ||   365
Block: Shield            |     1 |       |       ||     1
